Map: King's Cove LE

Players

Oxygen

  • Race: Zerg Zerg
  • League: Master
  • Spawn Location: 5:00

Hayoi - Winner!

  • Race: Protoss Protoss
  • League: Grandmaster
  • Spawn Location: 11:00

VOD

Have the link to the VOD?

Description

holding 12 pool and counter attack with proxy

Time

  • Played on: July 9, 2019, 4:14 p.m.
  • Length: 4:52
Show
View Real Time Build Order
Export as new Build Order

Oxygen Zerg 

Build Orders: Pool First 

Get SALT Encoding   

  12  0:02  Drone  
  13  0:10  Drone  
  14  0:21  Overlord  
  14  0:33  Spawning Pool  
  13  0:37  Drone  
  13  0:40  Drone  
  15  0:45  Drone  
  15  0:49  Drone  
  17  1:11  Hatchery  
  16  1:21  Zergling x6  
  19  1:29  Queen  
  21  1:36  Overlord  
  21  1:42  Drone  
  22  1:55  Drone  
  23  2:05  Queen  
  23  2:07  Drone  
  26  2:19  Drone  
  27  2:23  Queen  
  27  2:24  Drone  
  30  2:32  Drone  
  30  2:34  Drone  
  32  2:38  Overlord  
  32  2:42  Drone x3  
  35  2:49  Drone  
  36  3:01  Roach Warren  
  36  3:03  Drone x2, Extractor x2  
  36  3:05  Drone  
  36  3:13  Drone  
  36  3:14  Drone  
  36  3:15  Drone  
  34  3:45  Drone x8  
  41  3:57  Queen  
  41  4:01  Overlord x2  
  43  4:14  Queen  
  43  4:15  Spine Crawler x2  
  43  4:23  Roach  
  43  4:24  Roach x3  
Show
View Real Time Build Order
Export as new Build Order

Hayoi Protoss - Winner!

Build Orders: Holding 12 Pool 

Get SALT Encoding   

  12  0:00  Probe  
  13  0:12  Probe  
  14  0:19  Pylon  
  14  0:24  Probe  
  15  0:33  Probe  
  15  0:38  Gateway  
  15  0:41  Probe  
  16  0:47  Assimilator  
  17  0:51  Probe  
  18  1:03  Probe  
  20  1:26  Cybernetics Core  
  20  1:27  Cybernetics Core  
  20  1:28  Zealot  
  20  1:30  Gateway  
  20  1:31  Probe  
  22  1:34  Pylon  
  22  1:47  Zealot  
  22  1:52  Assimilator  
  22  1:53  Probe  
  25  2:02  Warp Gate  
  25  2:05  Probe  
  25  2:06  Pylon  
  26  2:17  Adept, Probe  
  26  2:19  Adept  
  31  2:35  Robotics Facility  
  31  2:42  Pylon  
  31  2:48  Gateway  
  31  2:53  Sentry  
  33  2:59  Zealot  
  35  3:19  Immortal  
  37  3:45  Gateway  
  37  3:48  Warp Prism  
  35  3:50  Sentry  
  35  3:51  Sentry  
  35  3:52  Zealot  
  43  4:03  Pylon  
  43  4:05  Pylon  
  43  4:13  Sentry  
  43  4:14  Zealot  
  47  4:22  Zealot  
  49  4:42  Zealot x3  
Tags
 
Add a new tag
Caveats
  • Supply blocks, unpowered buildings, or Contaminate may cause inaccurate times.
  • Supply counts are checked every 10 seconds.